Map: 2000 Atmospheres LE

Players

ViBE

  • Race: Zerg Zerg
  • League: Diamond

Chiewy - Winner!

  • Race: Protoss Protoss
  • League: Diamond

VOD

Have the link to the VOD?

Description

Time

  • Played on: April 20, 2021, 10:35 p.m.
  • Length: 6:21
Show
View Real Time Build Order
Export as new Build Order

ViBE Zerg 

Build Orders: Hatch First 

Get SALT Encoding   

  12  0:00  Drone  
  13  0:14  Overlord  
  13  0:18  Drone  
  14  0:33  Drone x2  
  16  0:49  Hatchery  
  15  0:53  Drone  
  15  0:55  Drone  
  17  1:00  Drone  
  18  1:17  Extractor  
  17  1:20  Drone, Spawning Pool  
  17  1:21  Drone  
  18  1:31  Drone  
  19  1:47  Overlord  
  19  2:02  Drone x2  
  19  2:06  Queen  
  19  2:07  Queen  
  25  2:10  Drone  
  25  2:13  Drone  
  25  2:14  Drone  
  28  2:19  Metabolic Boost  
  28  2:31  Drone x2  
  30  2:38  Hatchery  
  29  2:46  Drone  
  29  2:49  Queen  
  32  2:55  Overlord  
  32  2:56  Zergling x6  
  35  3:14  Drone x3  
  38  3:24  Drone  
  38  3:25  Drone x3  
  42  3:29  Queen  
  44  3:37  Overlord  
  44  3:42  Overlord  
  44  4:01  Queen  
  44  4:02  Drone x7  
  53  4:03  Drone x5  
  53  4:07  Roach Warren  
  57  4:17  Extractor  
  57  4:18  Extractor  
  57  4:21  Lair  
  55  4:24  Overlord x3  
  55  4:28  Drone x2  
  55  4:29  Drone  
  57  4:43  Overlord  
  57  4:45  Drone x3  
  58  4:46  Drone x4  
  58  4:47  Drone  
  58  4:51  Overlord  
  65  4:56  Roach x2  
  65  4:59  Roach x2  
  73  5:03  Evolution Chamber  
  73  5:05  Evolution Chamber  
  71  5:07  Evolution Chamber  
  71  5:08  Roach x2  
  71  5:11  Roach  
  76  5:16  Queen  
  76  5:17  Queen  
  76  5:18  Overlord x2  
  76  5:19  Roach x2  
  82  5:24  Roach  
  79  5:30  Roach  
  79  5:31  Zergling x14, Roach  
  88  5:37  Zergling x8  
  63  5:53  Roach x3  
Show
View Real Time Build Order
Export as new Build Order

Chiewy Protoss - Winner!

Build Orders: 1 Gate Expand 

Get SALT Encoding   

  12  0:00  Probe  
  13  0:12  Probe  
  14  0:18  Pylon  
  14  0:24  Probe (Chrono Boost)  
  14  0:28  Assimilator  
  15  0:38  Probe (Chrono Boost)  
  16  0:44  Probe (Chrono Boost)  
  16  0:47  Gateway  
  17  0:53  Probe  
  18  1:07  Probe  
  19  1:20  Nexus  
  19  1:23  Probe  
  20  1:33  Cybernetics Core  
  20  1:35  Probe  
  21  1:41  Assimilator  
  21  1:47  Probe  
  22  2:00  Probe  
  23  2:12  Robotics Facility  
  23  2:17  Pylon  
  23  2:28  Warp Gate  
  23  2:32  Probe  
  23  2:33  Probe  
  23  2:34  Adept  
  27  2:44  Probe  
  28  2:45  Probe  
  28  2:48  Twilight Council  
  29  2:56  Probe  
  29  2:57  Probe, Warp Prism (Chrono Boost)  
  31  3:04  Stalker  
  35  3:08  Probe  
  35  3:11  Probe  
  37  3:16  Pylon  
  37  3:19  Charge (Chrono Boost)  
  37  3:22  Probe  
  40  3:50  Immortal (Chrono Boost)  
  42  3:59  Gateway  
  42  4:01  Gateway  
  42  4:03  Gateway  
  42  4:05  Gateway  
  42  4:08  Gateway  
  42  4:09  Gateway  
  42  4:19  Immortal (Chrono Boost)  
  42  4:22  Pylon  
  42  4:23  Pylon  
  46  4:25  Pylon  
  46  4:42  Pylon  
  46  4:45  Zealot  
  48  5:05  Zealot x4  
  48  5:06  Zealot x3  
  62  5:27  Zealot x7  
  74  5:47  Zealot x2  
  74  5:48  Zealot x5  
  74  6:09  Zealot x6  
Tags
 
Add a new tag
Caveats
  • Supply blocks, unpowered buildings, or Contaminate may cause inaccurate times.
  • Supply counts are checked every 10 seconds.